MID
BELOIT SNAPPERS @ BURLINGTON BEES
05/17/2045
 
TOP OF THE 1ST
Beloit Snappers batting - Pitching for Burlington Bees : RHP Luis Cabrera
Pitching: RHP Luis Cabrera
Batting: LHB Juan Villafana 0-0: Ball
1-0: Fly out, F3 (Flyball, 34D, EV 72.5 MPH)
Batting: LHB Lee Gerken 0-0: Foul Ball, location: 2F
0-1: Foul Ball, location: 2F
0-2: Foul Ball, location: 2F
0-2: Fly out, F3 (Line Drive, 3, EV 63.1 MPH)
Batting: LHB Tommy King 0-0: Ground out U3 (Groundball, 3, EV 100.6 MPH)
Top of the 1st over - 0 runs, 0 hits, 0 errors, 0 left on base; Beloit 0 - Burlington 0
BOTTOM OF THE 1ST
Burlington Bees batting - Pitching for Beloit Snappers : RHP Reynaldo Edwards
Pitching: RHP Reynaldo Edwards
Batting: RHB Tristan Lewis 0-0: Called Strike
0-1: Swinging Strike
0-2: Strikes out swinging
Batting: RHB Greg Burdine 0-0: Fly out, F6 (Line Drive, 6, EV 68.8 MPH)
Batting: LHB Brett Bugge 0-0: Called Strike
0-1: Foul Ball, location: 2F
0-2: Ball
1-2: DOUBLE (Flyball, 89D, EV 86.2 MPH)
Batting: LHB Griffin Ferris 0-0: Called Strike
0-1: Called Strike
0-2: Strikes out swinging
Bottom of the 1st over - 0 runs, 1 hit, 0 errors, 1 left on base; Beloit 0 - Burlington 0
TOP OF THE 2ND
Beloit Snappers batting - Pitching for Burlington Bees : RHP Luis Cabrera
Batting: LHB Chance Stever 0-0: Ball
1-0: Fly out, F3 (Popup, 3SF, EV 80.0 MPH)
Batting: RHB Jonathan Gallup 0-0: Called Strike
0-1: Swinging Strike
0-2: Ball
1-2: Ground out 5-3 (Groundball, 5L, EV 83.8 MPH)
Batting: RHB Eduardo Chavez 0-0: Called Strike
0-1: Fly out, F9 (Flyball, 89D, EV 100.6 MPH)
Top of the 2nd over - 0 runs, 0 hits, 0 errors, 0 left on base; Beloit 0 - Burlington 0
BOTTOM OF THE 2ND
Burlington Bees batting - Pitching for Beloit Snappers : RHP Reynaldo Edwards
Batting: RHB Ryuji Ito 0-0: Foul Ball, location: 2F
0-1: Ground out 4-3 (Groundball, 4, EV 103.8 MPH)
Batting: SHB Chris Ackerson 0-0: Ground out 4-3 (Groundball, 34D, EV 96.9 MPH)
Batting: RHB John Beddow 0-0: Ball
1-0: Swinging Strike
1-1: Ball
2-1: Fly out, F9 (Line Drive, 9, EV 88.8 MPH)
Bottom of the 2nd over - 0 runs, 0 hits, 0 errors, 0 left on base; Beloit 0 - Burlington 0
TOP OF THE 3RD
Beloit Snappers batting - Pitching for Burlington Bees : RHP Luis Cabrera
Batting: RHB Edgar Landim 0-0: Foul Ball, location: 2F
0-1: Called Strike
0-2: Ball
1-2: Strikes out swinging
Batting: RHB Manny Moron 0-0: Ground out 4-3 (Groundball, 4, EV 97.5 MPH)
Batting: RHB Antonio Bautista 0-0: Ball
1-0: Foul Ball, location: 2F
1-1: Foul Ball, location: 2F
1-2: SOLO HOME RUN (Line Drive, 7LD, EV 93.8 MPH), Distance : 356 ft
Batting: LHB Juan Villafana 0-0: Ball
1-0: Foul Ball, location: 2F
1-1: Called Strike
1-2: Ball
2-2: Ball
3-2: Foul Ball, location: 2F
3-2: Base on Balls
Batting: LHB Lee Gerken 0-0: Called Strike
0-1: Called Strike
Juan Villafana steals 2nd base
0-2: Ground out 6-3 (Groundball, 6, EV 78.1 MPH)
Top of the 3rd over - 1 run, 1 hit, 0 errors, 1 left on base; Beloit 1 - Burlington 0
BOTTOM OF THE 3RD
Burlington Bees batting - Pitching for Beloit Snappers : RHP Reynaldo Edwards
Batting: RHB Angel Guzman 0-0: SINGLE (Groundball, 6D, EV 106.2 MPH)
Batting: RHB Jayden Bain 0-0: Ball
Angel Guzman steals 2nd base
1-0: Ball
2-0: Called Strike
2-1: Foul Ball, location: 2F
2-2: Foul Ball, location: 2F
2-2: Strikes out swinging
Pitching: RHP Ace Gaskins
Batting: RHB Tristan Lewis 0-0: Swinging Strike
0-1: Called Strike
0-2: Strikes out looking
Batting: RHB Greg Burdine 0-0: Ball
1-0: Ball
2-0: Foul Ball, location: 2F
2-1: Ground out 6-3 (Groundball, 4M, EV 101.2 MPH)
Bottom of the 3rd over - 0 runs, 1 hit, 0 errors, 1 left on base; Beloit 1 - Burlington 0
TOP OF THE 4TH
Beloit Snappers batting - Pitching for Burlington Bees : RHP Luis Cabrera
Batting: LHB Tommy King 0-0: Fly out, F9 (Flyball, 89S, EV 81.2 MPH)
Batting: LHB Chance Stever 0-0: Ball
1-0: Called Strike
1-1: Called Strike
1-2: Foul Ball, location: 2F
1-2: Strikes out swinging
Batting: RHB Jonathan Gallup 0-0: Ball
1-0: Foul Ball, location: 2F
1-1: Swinging Strike
1-2: Ball
2-2: Ball
3-2: Foul Ball, location: 2F
3-2: Fly out, F9 (Flyball, 9LD, EV 100.6 MPH)
Top of the 4th over - 0 runs, 0 hits, 0 errors, 0 left on base; Beloit 1 - Burlington 0
BOTTOM OF THE 4TH
Burlington Bees batting - Pitching for Beloit Snappers : RHP Ace Gaskins
Batting: LHB Brett Bugge 0-0: Ball
1-0: Foul Ball, location: 2F
1-1: Ball
2-1: Foul Ball, location: 2F
2-2: Ball
3-2: Foul Ball, location: 2F
3-2: Ground out 6-3 (Groundball, 6D, EV 78.1 MPH)
Batting: LHB Griffin Ferris 0-0: Ball
1-0: Ground out U3 (Groundball, 3, EV 103.8 MPH)
Batting: RHB Ryuji Ito 0-0: Ground out 6-3 (Groundball, 6, EV 100.0 MPH)
Bottom of the 4th over - 0 runs, 0 hits, 0 errors, 0 left on base; Beloit 1 - Burlington 0
TOP OF THE 5TH
Beloit Snappers batting - Pitching for Burlington Bees : RHP Luis Cabrera
Batting: RHB Eduardo Chavez 0-0: Ball
1-0: SINGLE (Groundball, 56S, EV 72.5 MPH) (infield hit)
Batting: RHB Edgar Landim 0-0: Ball
1-0: Swinging Strike
1-1: Ball
2-1: Ball
3-1: Base on Balls
Eduardo Chavez to second
Batting: RHB Manny Moron 0-0: Ball
1-0: Ball
2-0: Swinging Strike
2-1: Ball
3-1: SINGLE (Line Drive, 8LS, EV 93.1 MPH)
Eduardo Chavez to third
Edgar Landim to second
Runner from 3rd tries for Home, SAFE, throw by CF to home
Batting: RHB Antonio Bautista 0-0: Ball
1-0: Ball
2-0: Foul Ball, location: 2F
2-1: Foul Ball, location: 2F
2-2: Strikes out swinging
Batting: LHB Juan Villafana 0-0: Ball
1-0: Ball
2-0: Called Strike
2-1: DOUBLE (Flyball, 8LXD, EV 108.1 MPH)
Edgar Landim scores
Manny Moron to third
Runner from 3rd tries for Home, SAFE, throw by CF to home
Batting: LHB Lee Gerken 0-0: Ball
1-0: Ball
2-0: Foul Ball, location: 2F
2-1: Ball
3-1: Foul Ball, location: 2F
3-2: SINGLE (Line Drive, 78M, EV 110.6 MPH)
Juan Villafana to third
Runner from 3rd tries for Home, throw by LF and OUT! 7-2
Batting: LHB Tommy King 0-0: Swinging Strike
0-1: Ball
1-1: Fly out, F5 (Line Drive, 5, EV 68.8 MPH)
Top of the 5th over - 3 runs, 4 hits, 0 errors, 1 left on base; Beloit 4 - Burlington 0
BOTTOM OF THE 5TH
Burlington Bees batting - Pitching for Beloit Snappers : RHP Ace Gaskins
Batting: SHB Chris Ackerson 0-0: Ball
1-0: Ball
2-0: Foul Ball, location: 2F
2-1: Foul Ball, location: 2F
2-2: Strikes out swinging
Batting: RHB John Beddow 0-0: Called Strike
0-1: Ground out 4-3 (Groundball, 4, EV 88.1 MPH)
Batting: RHB Angel Guzman 0-0: Swinging Strike
0-1: Ball
1-1: Called Strike
1-2: Foul Ball, location: 2F
1-2: Foul Ball, location: 2F
1-2: Foul Ball, location: 2F
1-2: Strikes out swinging
Bottom of the 5th over - 0 runs, 0 hits, 0 errors, 0 left on base; Beloit 4 - Burlington 0
TOP OF THE 6TH
Beloit Snappers batting - Pitching for Burlington Bees : RHP Luis Cabrera
Batting: LHB Chance Stever 0-0: DOUBLE (Flyball, 8RXD, EV 89.4 MPH)
Batting: RHB Jonathan Gallup 0-0: Ball
1-0: Ball
2-0: Foul Ball, location: 2F
2-1: Ball
3-1: Called Strike
3-2: Foul Ball, location: 2F
3-2: Base on Balls
Batting: RHB Eduardo Chavez 0-0: Ball
1-0: Ball
2-0: Ball
3-0: Called Strike
3-1: Foul Ball, location: 2F
3-2: Base on Balls
Chance Stever to third
Jonathan Gallup to second
Batting: RHB Edgar Landim 0-0: Foul Ball, location: 2F
0-1: Swinging Strike
0-2: Strikes out looking
Batting: RHB Manny Moron 0-0: Ball
1-0: Called Strike
1-1: Fielders Choice at 2nd, 6-4 (Groundball, 6MS, EV 91.9 MPH)
Chance Stever scores
Jonathan Gallup to third
Batting: RHB Antonio Bautista 0-0: Called Strike
0-1: Foul Ball, location: 2F
0-2: Fly out, F4 (Popup, 4M, EV 76.2 MPH)
Top of the 6th over - 1 run, 1 hit, 0 errors, 2 left on base; Beloit 5 - Burlington 0
BOTTOM OF THE 6TH
Burlington Bees batting - Pitching for Beloit Snappers : RHP Ace Gaskins
Batting: RHB Jayden Bain 0-0: Called Strike
0-1: Called Strike
0-2: Ball
1-2: Ball
2-2: Ball
3-2: Fly out, F8 (Flyball, 8LS, EV 90.6 MPH)
Batting: RHB Tristan Lewis 0-0: Foul Ball, location: 2F
0-1: Ball
1-1: Ball
2-1: Swinging Strike
2-2: Ground out 5-3 (Groundball, 56S, EV 93.1 MPH)
Batting: RHB Greg Burdine 0-0: Ground out 3-1 (Groundball, 34, EV 80.6 MPH)
Bottom of the 6th over - 0 runs, 0 hits, 0 errors, 0 left on base; Beloit 5 - Burlington 0
TOP OF THE 7TH
Beloit Snappers batting - Pitching for Burlington Bees : RHP Luis Cabrera
Pitching: LHP Paul Griffin
Batting: LHB Juan Villafana 0-0: Called Strike
0-1: Called Strike
0-2: Ball
1-2: Foul Ball, location: 2F
1-2: Foul Ball, location: 2F
1-2: Strikes out looking
Batting: LHB Lee Gerken 0-0: Ball
1-0: Called Strike
1-1: Ball
2-1: Ground out 4-3 (Groundball, 4, EV 86.2 MPH)
Batting: LHB Tommy King 0-0: Ball
1-0: Called Strike
1-1: Called Strike
1-2: Foul Ball, location: 2F
1-2: Fly out, F9 (Flyball, 9, EV 75.6 MPH)
Top of the 7th over - 0 runs, 0 hits, 0 errors, 0 left on base; Beloit 5 - Burlington 0
BOTTOM OF THE 7TH
Burlington Bees batting - Pitching for Beloit Snappers : RHP Ace Gaskins
Batting: LHB Brett Bugge 0-0: Ball
1-0: Ball
2-0: DOUBLE (Groundball, 3L, EV 96.9 MPH)
Batting: LHB Griffin Ferris 0-0: Foul Ball, location: 2F
0-1: Ball
1-1: Swinging Strike
1-2: SINGLE (Groundball, 5S, EV 63.1 MPH) (infield hit)
Brett Bugge to third
Pitching: RHP Ari Kuusinen
Batting: RHB Ryuji Ito 0-0: Called Strike
0-1: Fly out, F7 (Flyball, 78D, EV 98.8 MPH)
Runner from 3rd tags up, SCORES, throw by LF
Batting: SHB Chris Ackerson 0-0: Foul Ball, location: 2F
0-1: Ball
1-1: Foul Ball, location: 2F
1-2: Foul Ball, location: 2F
1-2: Reached on error, E1 (Groundball, 34S, EV 70.6 MPH)
Griffin Ferris to second
Batting: RHB John Beddow 0-0: Called Strike
0-1: Grounds into double play, 6-4-3 (Groundball, 6, EV 103.1 MPH)
Bottom of the 7th over - 1 run, 2 hits, 1 error, 1 left on base; Beloit 5 - Burlington 1
TOP OF THE 8TH
Beloit Snappers batting - Pitching for Burlington Bees : LHP Paul Griffin
Pitching: RHP Simon Vogel
Batting: LHB Chance Stever 0-0: Ground out 4-3 (Groundball, 4, EV 91.9 MPH)
Batting: RHB Jonathan Gallup 0-0: Ball
1-0: Ball
2-0: Called Strike
2-1: Foul Ball, location: 2F
2-2: Strikes out swinging
Batting: RHB Eduardo Chavez 0-0: Ball
1-0: Called Strike
1-1: Swinging Strike
1-2: Foul Ball, location: 2F
1-2: Strikes out swinging
Top of the 8th over - 0 runs, 0 hits, 0 errors, 0 left on base; Beloit 5 - Burlington 1
BOTTOM OF THE 8TH
Burlington Bees batting - Pitching for Beloit Snappers : RHP Ari Kuusinen
Now in LF: Jonathan McDaniel
Batting: RHB Angel Guzman 0-0: Ball
1-0: Fly out, F7 (Flyball, 7, EV 91.2 MPH)
Batting: RHB Jayden Bain 0-0: Foul Ball, location: 2F
0-1: Foul Ball, location: 2F
0-2: Ball
1-2: Ball
2-2: Strikes out swinging
Batting: RHB Tristan Lewis 0-0: Called Strike
0-1: Ball
1-1: Ball
2-1: Foul Ball, location: 2F
2-2: Foul Ball, location: 2F
2-2: Strikes out swinging
Bottom of the 8th over - 0 runs, 0 hits, 0 errors, 0 left on base; Beloit 5 - Burlington 1
TOP OF THE 9TH
Beloit Snappers batting - Pitching for Burlington Bees : RHP Simon Vogel
Pitching: RHP Cal Abbott
Batting: RHB Edgar Landim 0-0: Ball
1-0: Ground out 6-3 (Groundball, 6M, EV 91.9 MPH)
Batting: RHB Manny Moron 0-0: Ball
1-0: Foul Ball, location: 2F
1-1: Ball
2-1: Foul Ball, location: 2F
2-2: Fly out, F8 (Flyball, 8LXD, EV 88.1 MPH)
Batting: RHB Antonio Bautista 0-0: Ball
1-0: Foul Ball, location: 2F
1-1: Swinging Strike
1-2: Ball
2-2: Foul Ball, location: 2F
2-2: DOUBLE (Flyball, 5D, EV 99.4 MPH)
Batting: LHB Juan Villafana 0-0: SINGLE (Groundball, 4MD, EV 108.1 MPH)
Antonio Bautista to third
Runner from 3rd tries for Home, SAFE, throw by CF to home
Juan Villafana to second
Batting: LHB Lee Gerken 0-0: Ball
Wild Pitch!
Juan Villafana to third
1-0: Foul Ball, location: 2F
1-1: Ball
2-1: Swinging Strike
2-2: Ball
3-2: Strikes out swinging
Top of the 9th over - 1 run, 2 hits, 0 errors, 1 left on base; Beloit 6 - Burlington 1
BOTTOM OF THE 9TH
Burlington Bees batting - Pitching for Beloit Snappers : RHP Ari Kuusinen
Batting: RHB Greg Burdine 0-0: Swinging Strike
0-1: Ball
1-1: Ball
2-1: Ball
3-1: Ground out 3-1 (Groundball, 13, EV 87.5 MPH)
Batting: LHB Brett Bugge 0-0: Ground out 4-3 (Groundball, 4S, EV 94.4 MPH)
Batting: LHB Griffin Ferris 0-0: Swinging Strike
0-1: Foul Ball, location: 2F
0-2: Ball
1-2: DOUBLE (Line Drive, 7LS, EV 93.1 MPH)
Pitching: RHP Dong-choon Park
Batting: RHB Ryuji Ito 0-0: Foul Ball, location: 2F
0-1: Swinging Strike
0-2: Foul Ball, location: 2F
0-2: Ball
1-2: Strikes out swinging
Bottom of the 9th over - 0 runs, 1 hit, 0 errors, 1 left on base; Beloit 6 - Burlington 1
Wednesday, June 22nd , 2022 - OOTP Baseball 23.4 Build 64